 Dungeon Crawl Stone Soup version 0.30.1-4-g462c640d31 (webtiles) character file.

Game seed: 12250557869037107244

11753 growler the Fighter (level 11, -13/81 HPs)
             Began as an Octopode Earth Elementalist on Sept 7, 2023.
             Was an Elder of Wu Jian.
             Mangled by a jiangshi (15 damage)
             ... summoned by a vampire mage
             ... on level 11 of the Dungeon on Sept 9, 2023.
             The game lasted 00:41:50 (14566 turns).

growler the Fighter (Octopode Earth Elementalist)  Turns: 14566, Time: 00:41:51

Health: -13/81     AC:  5    Str:  8    XL:     11   Next: 82%
Magic:  15/18      EV: 19    Int: 21    God:    Wu Jian [****..]
Gold:   702        SH:  0    Dex: 13    Spells: 10/20 levels left

rFire   + . .        I - +3 dagger (elec)
rCold   . . .        (no shield)
rNeg    . . .        (helmet restricted)
rPois   .            A - amulet of regeneration
rElec   .            e - +4 ring of protection
rCorr   .            k - ring of willpower
SInv    .            z - ring of flight
Will    +....        J - +5 ring of evasion
Stlth   +++          G - ring of protection from fire
HPRegen 1.13/turn    (no ring)
MPRegen 0.16/turn    (no ring)
                     (no ring)

%: no passive effects
@: exhausted, flying
A: almost no armour, amphibious, 8 rings, camouflage 1, gelatinous body 1,
(nimble swimmer 1), tentacles
a: Renounce Religion, Wall Jump, Serpent's Lash


You were on level 11 of the Dungeon.
You worshipped Wu Jian.
Wu Jian was greatly pleased with you.
You visited 1 branch of the dungeon, and saw 11 of its levels.
You also visited: Ossuary.

You collected 702 gold pieces.

Inventory:

Hand Weapons
 l - a +3 short sword
 s - a +0 dagger of pain
 I - a +3 dagger of electrocution (weapon)
Missiles
 p - 5 throwing nets
Armour
 h - the -1 buckler of Meskoen {Will+ Str-2 Dex+3}
   (You found it on level 3 of the Dungeon)

   Str:       It affects your strength (-2).
   Dex:       It affects your dexterity (+3).
   Will:      It increases your willpower.
Jewellery
 e - a +4 ring of protection (left tentacle)
 k - a ring of willpower (right tentacle)
 y - an amulet of faith
 z - a ring of flight (on tentacle)
 A - an amulet of regeneration (around mantle)
 B - a ring of willpower
 G - a ring of protection from fire (on tentacle)
 J - a +5 ring of evasion (on tentacle)
Wands
 f - a wand of charming (16)
 m - a wand of iceblast (12)
 n - a wand of digging (16)
 w - a wand of flame (4)
 E - a wand of acid (3)
Scrolls
 b - 4 scrolls of enchant weapon
 d - 3 scrolls of teleportation
 j - 3 scrolls of identify
 q - a scroll of amnesia
 t - a scroll of summoning {unknown}
 v - a scroll of brand weapon {unknown}
 x - a scroll of silence {unknown}
 C - 2 scrolls of vulnerability
 H - 3 scrolls of acquirement {unknown}
 K - a scroll of poison {unknown}
Potions
 a - a potion of magic
 c - 3 potions of brilliance
 g - 2 potions of cancellation
 i - 2 potions of might
 o - 4 potions of flight
 r - 5 potions of mutation
 u - 2 potions of haste
 D - a potion of ambrosia
 F - a potion of attraction
 L - a potion of invisibility {unknown}


   Skills:
 - Level 10.3 Fighting
 + Level 6.7 Short Blades
 - Level 5.0 Dodging
 - Level 2.6 Stealth
 - Level 5.0 Spellcasting
 - Level 4.0 Conjurations
 - Level 6.0 Transmutations
 - Level 10.1 Earth Magic


You had 10 spell levels left.
You knew the following spells:

 Your Spells              Type           Power      Damage    Failure   Level
a - Sandblast             Erth           94%        2d19      1%          1
b - Passwall              Tmut/Erth      32%        N/A       1%          2
c - Stone Arrow           Conj/Erth      68%        3d11      1%          3
d - Petrify               Tmut/Erth      39%        N/A       4%          4

Your spell library contained the following spells:

 Spells                   Type           Power      Damage    Failure   Level
 Dazzling Flash           Conj/Hex       26%        N/A       14%         3
 Ignite Poison            Fire/Tmut/Pois 13%        N/A       14%         3
 Leda's Liquefaction      Hex/Erth       13%        N/A       14%         4
 Cigotuvi's Dreadful Rot  Necr/Pois/Air  10%        N/A       16%         2
 Scorch                   Fire           10%        2d5       16%         2
 Blade Hands              Tmut           15%        N/A       26%         5
 Call Canine Familiar     Summ           5%         N/A       32%         3
 Ozocubu's Armour         Ice            5%         N/A       32%         3
 Portal Projectile        Hex/Tloc       10%        N/A       32%         3
 Volatile Blastmotes      Fire/Tloc      10%        2d10      32%         3
 Irradiate                Conj/Tmut      13%        3d16      36%         5
 Flame Wave               Conj/Fire      13%        2d6       43%         4
 Iskenderun's Mystic Bla  Conj/Tloc      13%        2d5       43%         4
 Freezing Cloud           Conj/Ice/Air   5%         6-21      87%         5
 Metabolic Englaciation   Hex/Ice        2%         N/A       96%         5
 Simulacrum               Ice/Necr       2%         N/A       100%        6
 Starburst                Conj/Fire      6%         6d4       100%        6
 Summon Cactus Giant      Summ           2%         N/A       100%        6
 Dragon Form              Tmut           15%        N/A       100%        7


Dungeon Overview and Level Annotations

Branches:
Dungeon (11/15)            Temple (0/1) D:5            Lair (0/5) D:8
Ossuary (visited)
    Orc: D:9-12

Altars:
Dithmenos
Elyvilon
Makhleb
Qazlal
Ru
Trog
Vehumet
Wu Jian
Xom

Shops:
D:2 ?   D:4 *!*   D:5 (


Innate Abilities, Weirdness & Mutations

You cannot wear most types of armour.
You are amphibious.
You can wear up to eight rings at the same time.
Your skin changes colour to match your surroundings (Stealth+).
Your rubbery body absorbs attacks. (AC +1, EV +1)
((You are camouflaged when in or above water. (Stealth+)))
You have tentacles for arms and can constrict up to eight enemies at once.


Message History

You hit the vampire mage but do no damage.
You squeeze the vampire mage, but do no damage.
The vampire mage is severely damaged.
You constrict the vampire mage, but do no damage.
The vampire mage mumbles some strange words.
The vampire mage flickers and vanishes!
Deactivating autopickup; reactivate with Ctrl-A.
You closely miss something. You constrict something.
You hit something but do no damage. You squeeze something.
You constrict something. Something draws life force from you!
You hit something but do no damage. You constrict something.
Something draws life force from you!
You hit something but do no damage. Your squeeze misses something.
You constrict something. You hit something. You squeeze something.
You constrict something. Something misses you. Something closely misses you.
You barely miss something. You constrict something.
Something hits you but does no damage. Something bites you but does no damage.
You barely miss something. You squeeze something. You constrict something.
You hit something but do no damage. You constrict something.
Something draws life force from you!!
Casting: Petrify (dangerous; 4% risk of failure)
Confirm with . or Enter, or press ? or * to list all spells.
Aiming: Stone Arrow (safe; 1% risk of failure)
Press: ? - help, Shift-Dir - straight line The stone arrow hits something!
You constrict something.
You hear some strange, mumbled words.
You release your grip on something.
Something hits you! Something closely misses you. The jiangshi misses you. x2
Something completely misses you. Something bites you!
Something draws strength from your injuries!
The jiangshi attacks as you move away! The jiangshi misses you.
The jiangshi claws you!
* * * LOW HITPOINT WARNING * * *
The jiangshi draws strength from your injuries!
The jiangshi claws you!!
* * * LOW HITPOINT WARNING * * *
The jiangshi draws strength from your injuries!
The jiangshi claws you!
You die...

#....#....#
+....'<...#
#.##+#....# #.......#
+.####### # ### ###
### ##+# #.# #.# #(#
##.#######'###'###'###
#.....##...'.'..@V...#
#.....##'###.#####{###
#........#)'.#[MZ..#
#.....######.#####+#
#.....# +.+ ##'##.#
### ....#.# ....+.#
....#.#


You could see a jiangshi (summoned).

Vanquished Creatures
  A two-headed ogre (D:10)
  2 ugly things (D:9)
  A manticore (D:9)
  2 gargoyles
  A kobold demonologist (D:7)
  A queen bee (D:10)
  2 trolls
  8 yaks (D:8)
  Sigmund (D:2)
  4 vampires (D:11)
  A wyvern (D:7)
  Grum (D:9)
  4 steam dragons
  3 water moccasins
  3 black bears
  3 orc warriors
  2 ogres
  5 ice beasts
  3 wolves (D:9)
  3 centaurs
  3 phantoms
  4 kobold brigands
  4 bullfrogs
  A gnoll sergeant (D:9)
  4 scorpions
  5 wights (D:7)
  25 killer bees
  2 howler monkeys
  2 centaur zombies (Ossuary)
  2 jellies
  Crazy Yiuf (D:2)
  2 human zombies (Ossuary)
  4 hounds
  4 orc priests
  2 sleepcaps
  4 iguanas
  11 orc wizards
  Terence (D:2)
  3 mummies (Ossuary)
  14 gnolls
  9 adders
  A shadow imp (D:6)
  A white imp (D:6)
  An ufetubus (D:5)
  3 worms
  2 dart slugs (D:1)
  26 orcs
  10 ball pythons
  6 bats
  7 endoplasms
  8 giant cockroaches
  10 goblins
  9 hobgoblins
  11 jackals
  27 kobolds
  6 quokkas
  5 frilled lizards
  2 gnoll zombies (Ossuary)
  A goblin zombie (Ossuary)
  A kobold zombie (Ossuary)
  3 rats
298 creatures vanquished.

Vanquished Creatures (others)
  A wizard (D:8)
  5 dream sheep (D:3)
6 creatures vanquished.

Grand Total: 304 creatures vanquished

Notes
Turn   | Place    | Note
-------+----------+-------------------------------------------
     0 | D:1      | growler the Octopode Earth Elementalist began the quest for
                  | the Orb.
     0 | D:1      | Reached XP level 1. HP: 11/11 MP: 3/3
    50 | D:1      | Reached XP level 2. HP: 18/18 MP: 0/5
   115 | D:1      | Learned a level 2 spell: Passwall
   292 | D:1      | Reached skill level 1 in Fighting
   446 | D:1      | Reached XP level 3. HP: 23/23 MP: 2/6
  1232 | D:2      | Reached XP level 4. HP: 14/29 MP: 2/8
  1813 | D:2      | Reached XP level 5. HP: 35/35 MP: 6/9
  1868 | D:2      | Found a faded altar of an unknown god.
  1881 | D:2      | Noticed Sigmund
  1914 | D:2      | HP: 1/35 [Sigmund/+0 scythe (4)]
  2076 | D:2      | Learned a level 3 spell: Stone Arrow
  2081 | D:2      | Learned a level 4 spell: Petrify
  2104 | D:2      | Found Pouniwk's Magic Scroll Shop.
  2505 | D:3      | Noticed a dream sheep
  2505 | D:3      | Noticed a dream sheep
  2505 | D:3      | Noticed a dream sheep
  2505 | D:3      | Noticed a dream sheep
  2505 | D:3      | Noticed a dream sheep
  2505 | D:3      | Found a shimmering altar of Xom.
  2506 | D:3      | Killed a dream sheep
  2506 | D:3      | Killed a dream sheep
  2506 | D:3      | Killed a dream sheep
  2506 | D:3      | Killed a dream sheep
  2506 | D:3      | Killed a dream sheep
  2507 | D:3      | Reached XP level 6. HP: 42/42 MP: 8/11
  2596 | D:3      | Identified the -1 buckler of Meskoen {Will+ Str-2 Dex+3}
  2704 | D:3      | Found a sacrificial altar of Ru.
  3069 | D:4      | Found Nicasaobb's Assorted Antiques.
  3192 | D:4      | Found an ornate altar of the Wu Jian Council.
  3207 | D:4      | Became a worshipper of the Wu Jian Council
  3338 | D:4      | Found a burning altar of Makhleb.
  3429 | D:4      | Found Leantytt's General Store.
  3583 | D:4      | Found Xygunac's Distillery.
  3905 | D:5      | Entered Level 5 of the Dungeon
  3938 | D:5      | Reached skill level 5 in Earth Magic
  3938 | D:5      | Reached XP level 7. HP: 31/47 MP: 4/13
  4102 | D:5      | Reached * piety under Wu Jian
  4223 | D:5      | Found a sand-covered staircase.
  4235 | Ossuary  | Entered an ossuary
  4685 | D:5      | Reached XP level 8. HP: 40/54 MP: 10/15
  4724 | D:5      | Reached skill level 5 in Spellcasting
  4748 | D:5      | Reached skill level 5 in Fighting
  4965 | D:5      | Found Dihiro's Hydra Hut.
  4965 | D:5      | Noticed an eight-headed hydra
  5071 | D:5      | Found a staircase to the Ecumenical Temple.
  5317 | D:6      | Reached skill level 1 in Conjurations
  5747 | D:6      | Found a white marble altar of Elyvilon.
  5873 | D:6      | Reached XP level 9. HP: 19/62 MP: 11/16
  6091 | D:6      | Noticed a gargoyle
  6096 | D:6      | Killed a gargoyle
  6257 | D:6      | Reached ** piety under Wu Jian
  6591 | D:6      | Found an ornate altar of the Wu Jian Council.
  6757 | D:7      | Found a stormy altar of Qazlal.
  7013 | D:7      | Noticed a kobold demonologist
  7018 | D:7      | Noticed a hellwing
  7022 | D:7      | Noticed a rust devil
  7023 | D:7      | Noticed a rust devil
  7149 | D:7      | Noticed an ice devil
  7149 | D:7      | Noticed a rust devil
  7150 | D:7      | Noticed a hellwing
  7167 | D:7      | Killed a kobold demonologist
  7614 | D:7      | Reached skill level 5 in Transmutations
  7706 | D:7      | Reached XP level 10. HP: 72/72 MP: 15/17
  8998 | D:8      | Found a bloodstained altar of Trog.
  9001 | D:8      | Noticed a wizard
  9006 | D:8      | Killed a wizard
  9206 | D:8      | Found a staircase to the Lair.
  9834 | D:9      | Reached *** piety under Wu Jian
  9879 | D:9      | Noticed a gargoyle
  9886 | D:9      | Found a radiant altar of Vehumet.
 10355 | D:9      | Killed a gargoyle
 10679 | D:9      | Noticed Grum
 10687 | D:9      | Reached XP level 11. HP: 74/81 MP: 4/18
 10693 | D:9      | Killed Grum
 10804 | D:9      | Noticed a white ugly thing
 10804 | D:9      | Noticed a green ugly thing
 10824 | D:9      | Killed a white ugly thing
 10825 | D:9      | Reached skill level 10 in Fighting
 10825 | D:9      | Noticed a manticore
 10938 | D:9      | Killed a green ugly thing
 11028 | D:9      | Noticed a boulder beetle
 11352 | D:8      | Reached skill level 10 in Earth Magic
 11475 | D:8      | Reached skill level 1 in Short Blades
 11550 | D:9      | Killed a manticore
 11551 | D:9      | Reached skill level 5 in Dodging
 11693 | D:9      | Noticed a boulder beetle
 11698 | D:9      | Noticed a centaur warrior
 11701 | D:9      | Noticed a cyclops
 12104 | D:2      | Found Pouniwk's Magic Scroll Shop.
 12266 | D:2      | Found a faded altar of an unknown god.
 12342 | D:2      | Killed Sigmund
 12438 | D:2      | Found a runed translucent door.
 12439 | D:2      | Noticed Crazy Yiuf
 12491 | D:2      | Noticed Terence
 12493 | D:2      | Killed Terence
 12925 | D:2      | Killed Crazy Yiuf
 13172 | D:10     | Entered Level 10 of the Dungeon
 13503 | D:10     | Reached **** piety under Wu Jian
 13980 | D:10     | Noticed a two-headed ogre
 13987 | D:10     | Killed a two-headed ogre
 13988 | D:10     | Reached skill level 5 in Short Blades
 14552 | D:11     | Found a shadowy altar of Dithmenos.
 14552 | D:11     | Noticed a vampire mage
 14565 | D:11     | Noticed a jiangshi
 14566 | D:11     | HP: 2/81 [jiangshi[a vampire mage] (18)]
 14566 | D:11     | Mangled by a jiangshi

Illustrated notes

Levels and vault maps discovered:
D:1:      minmay_arrival_shoal_huts, layout_loops_ring,
          hangedman_decor_peaks_small
D:2:      layout_loops_corners, serial_shops, nicolae_lakefront_shop,
          dreamdust_ecumenical_altar_grove, kennysheep_nondescript,
          minmay_pentomino_o4, uniq_terence, uniq_sigmund,
          uniq_crazy_yiuf_cottage
D:3:      layout_rooms, kb_xom_exploding_sheep, mainiacjoe_overflow_catwalk
D:4:      layout_cave_pools, bloody_makhleb, lemuel_tele_altar, serial_shops,
          nicolae_shop_window_shopping, nicolae_take_the_stairs, shop
D:5:      layout_basic, minmay_temple_entry_nine_rooms,
          lightli_ossuary_entry_decrepit_ruins, doesnt_shop_hydraphobe
D:6:      cheibrodos_quashed, layout_loops_cross, hangedman_feature_mirror,
          hex_medium, kennysheep_generic_room_14
D:7:      layout_basic, mainiacjoe_overflow_cross_hatched, serial_bayou_lagoon_a
D:8:      layout_basic, trog_wizard, grunt_lair_entry_orc_guard_hut,
          dk_noncrumbling_2, serial_bayou_pond_e
D:9:      minmay_sliced_demisemicircle, layout_loops_cross,
          mainiacjoe_overflow_boulevard, nicolae_overflow_hidden_temple,
          uniq_grum, uniq_pikel
D:10:     layout_loops_ring, minmay_statues_item, nicolae_looking_at_the_future
D:11:     layout_gridville, orc_0_dummy, nicolae_nh_vlads_tower

Skill      XL: |  1  2  3  4  5  6  7  8  9 10 11 |
---------------+----------------------------------+-----
Fighting       | 1 2 3 4 6 7 9 10 | 10.3
Spellcasting   | 3 4 5 |  5.0
Earth Magic    | 4 5 6 8 9 10 | 10.1
Conjurations   | 2 4 |  4.0
Transmutations | 3 5 6 |  6.0
Dodging        | 3 5 |  5.0
Short Blades   | 6 |  6.7
Stealth        | |  2.6

Action                     |  1- 3 |  4- 6 |  7- 9 | 10-12 || total
---------------------------+-------+-------+-------+-------++-------
  Melee: Unarmed           |     1 |     6 |       |       ||     7
         Tentacles         |     1 |     2 |       |    63 ||    66
         Constrict         |       |     1 |       |    27 ||    28
         Dagger            |       |       |       |   155 ||   155
         Punch             |       |       |       |     4 ||     4
   Cast: Sandblast         |    49 |   114 |   182 |   176 ||   521
         Passwall          |       |     3 |       |       ||     3
         Stone Arrow       |       |       |     6 |    42 ||    48
         Petrify           |       |       |       |    38 ||    38
 Invoke: Serpent's Lash    |       |       |       |     2 ||     2
Ability: Whirlwind         |       |       |       |    21 ||    21
         Lunge             |       |       |       |    13 ||    13
  Evoke: Wand              |       |       |       |     5 ||     5
    Use: Potion            |       |       |     3 |     5 ||     8
         Scroll            |       |       |     1 |    12 ||    13
   Stab: Sleeping          |     1 |       |       |     4 ||     5
         Petrified         |       |       |       |    63 ||    63
         Petrifying        |       |       |       |     6 ||     6
 Armour: Skin              |       |    20 |    20 |    57 ||    97
  Dodge: Dodged            |    10 |    62 |    58 |   245 ||   375
